 Dungeon Crawl Stone Soup version 0.29-a0-866-g0545e20025 (webtiles) character file.

Game seed: 15174090391059570260

14 Malachi the Magician (level 2, 0/21 HPs)
             Began as a Djinni Wanderer on July 16, 2022.
             Slain by a quokka (1 damage)
             ... on level 1 of the Dungeon.
             The game lasted 00:00:44 (166 turns).

Malachi the Magician (Djinni Wanderer)               Turns: 166, Time: 00:00:45

Health: 0/21       AC:  3    Str:  9    XL:     2   Next: 55%
Gold:   42         EV: 13    Int: 11    God:
                   SH:  5    Dex: 16

rFire   + + .      SeeInvis .   a - +2 sling
rCold   x . .      Faith    .   (no shield)
rNeg    . . .      Spirit   .   d - +0 robe
rPois   ∞          Reflect  +   (no helmet)
rElec   .          Harm     .   (no cloak)
rCorr   .          Rampage  .   b - +0 pair of gloves
Will    .....                   (boots unavailable)
Stlth   +.........              e - amulet of reflection
HPRegen 0.07/turn               (no ring)
MPRegen 0.00/turn               (no ring)

@: flying
A: sickness immunity, fire resistance 2, cold vulnerability 1, float, innate
caster, HP casting, extra vitality 1
a: no special abilities


You were on level 1 of the Dungeon.
You visited 1 branch of the dungeon, and saw 1 of its levels.

You collected 42 gold pieces.

Inventory:

Hand Weapons
 a - a +2 sling (weapon)
Armour
 b - a +0 pair of gloves (worn)
 d - a +0 robe (worn)
Jewellery
 e - an amulet of reflection (around neck)
Scrolls
 c - 2 scrolls of vulnerability
 f - a scroll of torment {unknown}
 h - a scroll of noise {unknown}
Potions
 g - a potion of mutation {unknown}


   Skills:
 + Level 1.9 Ranged Weapons
 + Level 3.6 Dodging
 + Level 4.2 Spellcasting


You had 5 spell levels left.
You knew the following spells:

 Your Spells              Type           Power      Damage    Failure   Level
a - Shock                 Conj/Air       44%        1d5       4%          1
b - Swiftness             Air            11%        N/A       12%         3

Your spell library contained the following spells:

 Spells                   Type           Power      Damage    Failure   Level


Dungeon Overview and Level Annotations

Branches:
Dungeon (1/15)

Altars:


Innate Abilities, Weirdness & Mutations

You are immune to sickness and miasma.
You are immune to poison.
Your flesh is very heat resistant. (rF++)
You are vulnerable to cold. (rC-)
You float through the air rather than walking.
You learn spells naturally, not from books.
Your magical power is your life essence.
You have superior vitality. (+4 MHP)


Message History

The quokka is severely wounded.
* * * LOW HITPOINT WARNING * * *
You block the quokka's attack. x2
Unknown command.
You don't have enough health to cast this spell.
Unknown command.
Unknown command.
You don't have enough health to cast this spell.
Unknown command.
Unknown command.
You are too injured to fight recklessly!
Really attack while wielding your +2 sling? [Y]es or [N]o only, please.
Really attack while wielding your +2 sling? [Y]es or [N]o only, please.
Really attack while wielding your +2 sling? [Y]es or [N]o only, please.
Really attack while wielding your +2 sling? [Y]es or [N]o only, please.
Really attack while wielding your +2 sling? [Y]es or [N]o only, please.
Really attack while wielding your +2 sling? [Y]es or [N]o only, please.
Really attack while wielding your +2 sling?
Okay, then.
The quokka misses you.
Unknown command.
You block the quokka's attack. The quokka attacks as you move away!
The quokka misses you. You block the quokka's attack.
You block the quokka's attack.
Aiming: Shock (safe; 4% risk of failure)
Press: ? - help, Q - select action, (/) - cycle Shift-Dir - straight line, f/p - quokka
Aim: a quokka (severely wounded, 56% to hit)
The zap hits the quokka.
The quokka is almost dead.
* * * LOW HITPOINT WARNING * * *
The quokka closely misses you. The quokka bites you.
You die...

.#.........###.#.#..#..#
......................#
...........###.#..#.###
.##........# #.##...# ##.
.##........# #.###..# ....
.#.>.....>.###.###..### .....
.....).....#...##.....###......
.##..........####r..#..))......
.#####.####.##..@.#.####.......
.# #..##..##.####.# #...... .#
##......#.####.# ......
#####...........# .....
........†........ .....
...............#. #...
.#####..#........ ...
.###..#.#.......
.....#...#......


You could see a quokka.

Vanquished Creatures
  A dart slug (D:1)
  An endoplasm (D:1)
  A giant cockroach (D:1)
  A goblin (D:1)
  2 jackals (D:1)
  A quokka (D:1)
  A ball python (D:1)
  A frilled lizard (D:1)
  2 kobolds (D:1)
11 creatures vanquished.

Notes
Turn   | Place    | Note
-------+----------+-------------------------------------------
     0 | D:1      | Malachi the Djinni Wanderer began the quest for the Orb.
     0 | D:1      | Malachi set off with the following items: a +2 sling, a +0
                  | pair of gloves, a scroll of vulnerability, a +0 robethe
                  | following spells memorised: Shock, Swiftness.
     0 | D:1      | Reached XP level 1. HP: 15/15 MP: 0/0
    53 | D:1      | Reached XP level 2. HP: 21/21 MP: 0/0
   166 | D:1      | Slain by a quokka

Illustrated notes

Levels and vault maps discovered:
D:1:      scummos_arrival_star, layout_rooms, minmay_misc_feat_hallway

Action                   || total
-------------------------++-------
 Fire: Sling             ||    21
 Cast: Shock             ||    10
Armor: Robe              ||     3
Dodge: Dodged            ||    15
Block: Other             ||    11

Table legend: (Time is in decaauts)
 A = Elapsed time spent in this place.
 B = Non-inter-level travel time spent in this place.
 C = Inter-level travel time spent in this place.
 D = Time resting spent in this place.
 E = Time spent auto-exploring this place.
 F = Levels seen in this place.
 G = Mean time per level.
                   A        B        C        D        E       F      G
               +--------+--------+--------+--------+--------+-----+--------+
         Total |    172 |    172 |      0 |      0 |     98 |   1 |  172.0 |
       Dungeon |    172 |    172 |      0 |      0 |     98 |   1 |  172.0 |
               +--------+--------+--------+--------+--------+-----+--------+

Top non-repeatable levels by time:
     D:1: 172 daAuts
